 Dungeon Crawl Stone Soup version 0.31-a0-182-gc5ef74bbde (webtiles) character file.

Game seed: 17902184133019381749

1111 qw the Chopper (level 8, 0/48 HPs)
             Began as a Gargoyle Fighter on June 21, 2023.
             Was a Follower of Okawaru.
             Slain by a gnoll sergeant
             ... wielding a +4 spear of distortion
              (5 damage)
             ... on level 5 of the Dungeon.
             The game lasted 00:02:26 (3407 turns).

qw the Chopper (Gargoyle Fighter)                   Turns: 3407, Time: 00:02:26

Health: 0/48       AC: 25    Str: 22    XL:     8   Next: 33%
Magic:  9/11       EV:  9    Int:  9    God:    Okawaru [*.....]
Gold:   183        SH: 11    Dex:  9    Spells: 7/7 levels left

rFire   + + .        Y - +0 war axe (freeze)
rCold   + . .        i - +0 kite shield
rNeg    + + .        b - +0 chain mail of Eye-covered Curiosity {rF++ rC+}
rPois   inf          p - +1 helmet
rElec   +            (no cloak)
rCorr   .            f - +2 pair of gloves
SInv    .            a - +2 pair of boots {Fly}
Will    .....        (no amulet) Stlth
                     k - ring of positive energy
HPRegen 0.28/turn    (no ring)
MPRegen 0.12/turn

%: no passive effects
@: about to teleport, heroic, flying
A: sickness immunity, AC +5, negative energy resistance 1, electricity
resistance, torment resistance 1, petrification resistance
a: Renounce Religion, Heroism


You were on level 5 of the Dungeon.
You worshipped Okawaru.
Okawaru was aware of your devotion.
You visited 2 branches of the dungeon, and saw 6 of its levels.

You collected 255 gold pieces.
You spent 72 gold pieces at shops.


Innate Abilities, Weirdness & Mutations

You are immune to sickness and miasma.
Your stone body is resilient. (AC +5)
You are immune to poison.
You resist negative energy. (rN+)
You are resistant to electric shocks. (rElec)
You are resistant to unholy torment.
You are immune to petrification.


   Skills:
 - Level 4.0(9.0) Fighting
 + Level 6.5(11.5) Axes
 - Level 3.2(8.2) Armour
 - Level 1.0(6.0) Dodging
 - Level 6.1(11.1) Shields
 - Level 4.0 Invocations


You had 7 spell levels left.
You didn't know any spells.
Your spell library was empty.

Inventory:

Hand Weapons
 c - a +1 flail of draining
 j - a +0 flail
 Y - a +0 war axe of freezing (weapon)
Missiles
 l - 3 boomerangs (quivered)
Armour
 a - a +2 pair of boots of flying (worn)
 b - the +0 chain mail of Eye-covered Curiosity (worn) {rF++ rC+}
   (You found it on level 4 of the Dungeon)

   rF:        It greatly protects you from fire.
   rC:        It protects you from cold.
 f - a +2 pair of gloves (worn)
 g - a +0 plate armour
 i - a +0 kite shield (worn)
 p - a +1 helmet (worn)
Jewellery
 k - a ring of positive energy (left hand)
Scrolls
 e - a scroll of teleportation
 m - a scroll of identify
Potions
 d - a potion of might
 h - 2 potions of enlightenment
 o - a potion of lignification {unknown}

Dungeon Overview and Level Annotations

Branches:
Dungeon (5/15)             Temple (1/1) D:4

Altars:
Ashenzari
Cheibriados
Elyvilon
Fedhas
Gozag
Hepliaklqana
Kikubaaqudgha
Nemelex Xobeh
Okawaru
Qazlal
Sif Muna
Trog
Uskayaw
Vehumet
Wu Jian
Xom
Yredelemnul
The Shining One

Shops:
D:2 *


Message History

You gain the combat prowess of a mighty hero.
The gnoll sergeant hits you but does no damage.
You blink.
Found a dagger.
Enter note:
Enter note: You block the gnoll's attack.
You block the gnoll sergeant's attack. The gnoll hits you but does no damage.
You slash the gnoll! You freeze the gnoll.
You kill the gnoll!
Okawaru accepts your kill.
You slash the gnoll! You freeze the gnoll.
The gnoll sergeant hits you but does no damage.
You blink.
Enter note:
Enter note: You block the gnoll's attack.
The gnoll sergeant hits you but does no damage.
Space warps around you.
You closely miss the gnoll.
The gnoll sergeant hits you from afar with a +4 spear of distortion!
Space warps around you. The gnoll hits you with a +0 halberd.
You block the gnoll sergeant's attack. The gnoll closely misses you.
3405 ||| READING 2 scrolls of teleportation.
As you read the scroll of teleportation, it crumbles to dust.
You feel strangely unstable. You block the gnoll's attack.
You block the gnoll sergeant's attack. The gnoll barely misses you.
You slash the gnoll! You freeze the gnoll.
You kill the gnoll!
Okawaru accepts your kill.
You hit the gnoll. You freeze the gnoll. You block the gnoll's attack.
The gnoll sergeant hits you but does no damage.
Space warps around you.
You hit the gnoll. You freeze the gnoll.
The gnoll is almost dead.
The gnoll hits you with a +0 halberd.
The gnoll sergeant hits you but does no damage.
Space warps around you.
You die...

#....# #.###.# ###....##
#.....#
####.......#######
###.###
.................#####.#
#.......#...........#
###..)!...###.#######
#....g#.###.#
##...g......#
#.#.)@.....#
#......##### ########


You could see a gnoll sergeant and a gnoll.

Vanquished Creatures
  Eustachio (D:4)
  Menkaure (D:4)
  An ice beast (D:5)
  A sky beast (D:4)
  An ogre (D:5)
  A phantom (D:4)
  A bullfrog (D:4)
  A hound (D:4)
  An orc priest (D:4)
  2 orc wizards
  Robin (D:4)
  15 gnolls
  6 adders
  A worm (D:2)
  2 dart slugs
  9 orcs
  5 bats
  7 endoplasms
  3 giant cockroaches
  15 goblins
  10 hobgoblins
  5 jackals
  2 quokkas
  4 ball pythons
  A frilled lizard (D:1)
  8 kobolds
  7 rats
112 creatures vanquished.

Vanquished Creatures (others)
  An orc wizard (D:4)
1 creature vanquished.

Grand Total: 113 creatures vanquished

Notes
Turn   | Place    | Note
-------+----------+-------------------------------------------
     0 | D:1      | qw the Gargoyle Fighter began the quest for the Orb.
     0 | D:1      | Reached XP level 1. HP: 14/14 MP: 1/1
     0 | D:1      | 0 ||| qw: Version: 0.3-a-9-g12657ce
     0 | D:1      | 0 ||| qw: Game counter: 1642
     0 | D:1      | 0 ||| qw: Always use a shield: true
     0 | D:1      | 0 ||| qw: God list: Okawaru
     0 | D:1      | 0 ||| qw: Allow faded altars: false
     0 | D:1      | 0 ||| qw: Do Orc after D:15 true
     0 | D:1      | 0 ||| qw: Do second Lair branch before Depths: true
     0 | D:1      | 0 ||| qw: Lair rune preference: random
     0 | D:1      | 0 ||| qw: Plans: Normal, Zot:1-4, Slime:5, God:TSO, Crypt,
                  | Tomb, Abyss, Pan, Hells, Win
     0 | D:1      | 0 ||| PLANNING D:1-11
   108 | D:1      | Reached XP level 2. HP: 19/19 MP: 2/2
   160 | D:1      | 160 ||| DROPPING +0 club.
   184 | D:1      | 184 ||| Stepping ~*~*~tactically~*~*~ (stealth).
   230 | D:1      | 230 ||| FLEEEEING.
   231 | D:1      | 231 ||| FLEEEEING.
   234 | D:1      | 234 ||| FLEEEEING.
   235 | D:1      | 235 ||| FLEEEEING.
   236 | D:1      | 236 ||| FLEEEEING.
   240 | D:1      | 240 ||| FLEEEEING.
   274 | D:1      | 274 ||| Stepping ~*~*~tactically~*~*~ (stealth).
   280 | D:1      | Reached skill level 3 in Axes
   301 | D:1      | 301 ||| Stepping ~*~*~tactically~*~*~ (hiding).
   307 | D:1      | Reached XP level 3. HP: 23/23 MP: 3/3
   413 | D:1      | 413 ||| Stepping ~*~*~tactically~*~*~ (stealth).
   434 | D:1      | 434 ||| Stepping ~*~*~tactically~*~*~ (stealth).
   435 | D:1      | 435 ||| Stepping ~*~*~tactically~*~*~ (stealth).
   495 | D:1      | 495 ||| Stepping ~*~*~tactically~*~*~ (hiding).
   502 | D:1      | 502 ||| Stepping ~*~*~tactically~*~*~ (stealth).
   798 | D:1      | 798 ||| UPGRADING to +0 pair of gloves.
   803 | D:1      | 803 ||| UPGRADING to ring of positive energy.
   804 | D:1      | 804 ||| READING scroll labelled BIPSITTOAMO.
   804 | D:1      | Identified a scroll of acquirement
   804 | D:1      | 804 ||| ACQUIRING +2 pair of boots of flying
   804 | D:1      | Acquired a +2 pair of boots of flying
   806 | D:1      | 806 ||| UPGRADING to +2 pair of boots of flying.
   811 | D:1      | 811 ||| READING scroll labelled ZEINOU PYNWYENN.
   895 | D:2      | Found a faded altar of an unknown god.
   901 | D:2      | 901 ||| Stepping ~*~*~tactically~*~*~ (hiding).
  1016 | D:2      | Found Daudesyo's Assorted Antiques.
  1025 | D:2      | 1025 ||| BUYING scroll labelled XYULAR MUCSO (26 gold).
  1025 | D:2      | Bought a scroll labelled XYULAR MUCSO for 26 gold pieces
  1025 | D:2      | 1025 ||| BUYING smoky ruby potion (23 gold).
  1025 | D:2      | Bought a smoky ruby potion for 23 gold pieces
  1025 | D:2      | 1025 ||| BUYING smoky silvery potion (23 gold).
  1025 | D:2      | Bought a smoky silvery potion for 23 gold pieces
  1025 | D:2      | 1025 ||| SHOPLISTING twisted bone wand (104 gold, have 60).
  1129 | D:2      | 1129 ||| Stepping ~*~*~tactically~*~*~ (stealth).
  1139 | D:2      | Reached XP level 4. HP: 28/28 MP: 4/4
  1294 | D:2      | 1294 ||| UPGRADING to +0 kite shield.
  1304 | D:2      | 1304 ||| DROPPING +0 buckler.
  1305 | D:2      | 1305 ||| UPGRADING to +0 helmet.
  1310 | D:2      | 1310 ||| READING scroll labelled XYULAR MUCSO.
  1311 | D:2      | 1311 ||| READING 2 scrolls labelled MEGIAM JEIMANG.
  1312 | D:2      | 1312 ||| READING scroll labelled QEINNO ICEKE.
  1313 | D:2      | 1313 ||| DRINKING 2 smoky ruby potions.
  1319 | D:2      | 1319 ||| DRINKING 2 smoky silvery potions.
  1320 | D:2      | 1320 ||| DROPPING potion of ambrosia.
  1328 | D:3      | 1328 ||| Stepping ~*~*~tactically~*~*~ (stealth).
  1331 | D:3      | 1331 ||| STAIRDANCE
  1353 | D:3      | 1353 ||| Stepping ~*~*~tactically~*~*~ (stealth).
  1412 | D:3      | 1412 ||| DRINKING potion of curing.
  1412 | D:3      | 1412 ||| (to cure confusion)
  1439 | D:3      | 1439 ||| DROPPING +0 mace.
  1528 | D:3      | 1528 ||| Stepping ~*~*~tactically~*~*~ (stealth).
  1538 | D:3      | Reached XP level 5. HP: 32/32 MP: 5/5
  1684 | D:3      | 1684 ||| UPGRADING to +0 plate armour.
  1694 | D:3      | 1694 ||| DROPPING +0 scale mail.
  1695 | D:3      | 1695 ||| READING scroll labelled MITIDIOMNO.
  1696 | D:3      | 1696 ||| READING scroll labelled XAN ENWIEL.
  1714 | D:4      | HP: 6/32 [orc priest/divine providence (15)]
  1715 | D:4      | 1715 ||| READING 4 scrolls of teleportation.
  1883 | D:4      | Identified the +0 chain mail of Eye-covered Curiosity {rF++
                  | rC+}
  1896 | D:4      | 1896 ||| Stepping ~*~*~tactically~*~*~ (hiding).
  1905 | D:4      | 1905 ||| Stepping ~*~*~tactically~*~*~ (hiding).
  1913 | D:4      | HP: 8/32 [orc priest/divine providence (10)]
  1914 | D:4      | 1914 ||| READING 3 scrolls of teleportation.
  2017 | D:4      | Found a staircase to the Ecumenical Temple.
  2018 | D:4      | 2018 ||| PLANNING TEMPLE
  2024 | D:4      | Reached XP level 6. HP: 36/37 MP: 6/6
  2026 | D:4      | 2026 ||| UPGRADING to +0 chain mail of Eye-covered
                  | Curiosity {rF++ rC+}.
  2042 | Temple   | Entered the Ecumenical Temple
  2046 | Temple   | 2046 ||| PLANNING OKAWARU WORSHIP
  2177 | Temple   | Became a worshipper of Warmaster Okawaru
  2178 | Temple   | 2178 ||| PLANNING D:1-11
  2410 | D:4      | Reached * piety under Okawaru
  2411 | D:4      | Reached XP level 7. HP: 40/43 MP: 7/7
  2450 | D:4      | Reached skill level 1 in Invocations
  2505 | D:4      | Noticed Robin
  2506 | D:4      | 2506 ||| INVOKING Heroism.
  2513 | D:4      | Killed Robin
  2553 | D:4      | 2553 ||| READING 3 scrolls of enchant armour.
  2553 | D:4      | 2553 ||| ENCHANTING +0 pair of gloves.
  2554 | D:4      | 2554 ||| READING 2 scrolls of enchant armour.
  2554 | D:4      | 2554 ||| ENCHANTING +1 pair of gloves.
  2555 | D:4      | 2555 ||| READING scroll of enchant armour.
  2555 | D:4      | 2555 ||| ENCHANTING +0 helmet.
  2677 | D:4      | Noticed Menkaure
  2678 | D:4      | 2678 ||| INVOKING Heroism.
  2686 | D:4      | Killed Menkaure
  2727 | D:4      | Identified the +0 pair of boots of the Tormentor {rElec
                  | Str-3 Dex+2}
  2752 | D:4      | 2752 ||| Stepping ~*~*~tactically~*~*~ (hiding).
  2779 | D:4      | Noticed Eustachio
  2780 | D:4      | 2780 ||| INVOKING Heroism.
  2793 | D:4      | 2793 ||| INVOKING Heroism.
  2810 | D:4      | 2810 ||| INVOKING Heroism.
  2832 | D:4      | 2832 ||| FLEEEEING.
  2845 | D:4      | Killed Eustachio
  2846 | D:4      | Reached skill level 6 in Axes
  2846 | D:4      | Reached XP level 8. HP: 38/48 MP: 10/10
  3005 | D:4      | 3005 ||| DROPPING +0 pair of boots of the Tormentor {rElec
                  | Str-3 Dex+2}.
  3006 | D:4      | 3006 ||| READING scroll labelled XAFFAE EROFU.
  3107 | D:4      | 3107 ||| READING 2 scrolls of identify.
  3107 | D:4      | 3107 ||| IDENTIFYING smoky sapphire potion
  3128 | D:5      | Entered Level 5 of the Dungeon
  3149 | D:5      | Reached skill level 3 in Invocations
  3220 | D:5      | 3220 ||| Stepping ~*~*~tactically~*~*~ (stealth).
  3221 | D:5      | 3221 ||| Stepping ~*~*~tactically~*~*~ (stealth).
  3224 | D:5      | 3224 ||| Stepping ~*~*~tactically~*~*~ (stealth).
  3225 | D:5      | 3225 ||| Stepping ~*~*~tactically~*~*~ (stealth).
  3232 | D:5      | 3232 ||| INVOKING Heroism.
  3235 | D:5      | Reached skill level 6 in Shields
  3286 | D:5      | Reached skill level 1 in Dodging
  3400 | D:5      | 3400 ||| INVOKING Heroism.
  3404 | D:5      | HP: 9/48 [gnoll sergeant/+4 spear of distortion (5)]
  3405 | D:5      | 3405 ||| READING 2 scrolls of teleportation.
  3407 | D:5      | Slain by a gnoll sergeant

Levels and vault maps discovered:
D:1:      spicycebolla_green_bress_n_ham_2, layout_rooms
D:2:      layout_rooms, hellmonk_ecumenical_altar_lost_god, serial_shops,
          nicolae_shop_hallway_stairs, grunt_decor_one_mirror
D:3:      layout_rooms
D:4:      layout_loops_ring, minmay_temple_entry_hall, uniq_robin,
          uniq_eustachio, uniq_menkaure
D:5:      layout_loops_corners, lemuel_tele_altar, serial_shops,
          nicolae_shop_competitors_out_of_business,
          hangedman_abyss_or_decor_stagger
Temple:   nicolae_temple_bog_church

Skill      XL: |  1  2  3  4  5  6  7  8 |
---------------+-------------------------+-----
Axes           | 2 3 4 5 6 |  6.5
Shields        | 4 5 6 |  6.1
Fighting       | 4 |  4.0
Invocations    | 2 4 |  4.0
Dodging        | 1 |  1.0
Armour         | |  3.2

Action                     |  1- 3 |  4- 6 |  7- 9 || total
---------------------------+-------+-------+-------++-------
  Melee: War axe           |    94 |   137 |   137 ||   368
  Throw: Boomerang         |       |       |     2 ||     2
 Invoke: Heroism           |       |       |     7 ||     7
    Use: Scroll            |     2 |     7 |     6 ||    15
         Potion            |       |     3 |       ||     3
 Armour: Scale mail        |    43 |    25 |       ||    68
         Plate armour      |       |    23 |       ||    23
         Chain mail        |       |    48 |   107 ||   155
  Dodge: Dodged            |    37 |    35 |    37 ||   109
  Block: Buckler           |    23 |     1 |       ||    24
         Kite shield       |       |    54 |    74 ||   128

Table legend:
 A = Non-vault XP
 B = Vault XP
 C = Vault XP percentage of total XP
 D = Non-vault monster count
 E = Vault monster count
 F = Vault count percentage of total count
                 A         B        C        D         E       F
            +---------+---------+-------+---------+---------+-------
      Total |    1186 |     402 |  25.3 |     103 |      10 |   8.8
            +---------+---------+-------+---------+---------+-------
        D:1 |      60 |       0 |   0.0 |      29 |       0 |   0.0
        D:2 |      39 |       0 |   0.0 |      14 |       0 |   0.0
        D:3 |      78 |       0 |   0.0 |      17 |       0 |   0.0
        D:4 |     660 |     402 |  37.9 |      33 |      10 |  23.3
        D:5 |     349 |       0 |   0.0 |      10 |       0 |   0.0
            +---------+---------+-------+---------+---------+-------
